Map: Complesso Moebius XX-1

Players

Slim

  • Race: Zerg Zerg

LegionWasa

  • Race: Protoss Protoss

RiseAndFall

  • Race: Protoss Protoss

goroshia

  • Race: Zerg Zerg
  • League: Silver

MoiSeS - Winner!

  • Race: Terran Terran

Aliensight - Winner!

  • Race: Zerg Zerg
  • League: Gold

Jhyrachy - Winner!

  • Race: Zerg Zerg
  • League: Gold

knighty - Winner!

  • Race: Protoss Protoss

VOD

Have the link to the VOD?

Description

Time

  • Played on: April 22, 2016, 1:54 p.m.
  • Length: 13:27
Show
View Real Time Build Order
Export as new Build Order

Slim Zerg 

Build Orders: Pool First 

Get SALT Encoding   

  12  0:20  Spawning Pool  
  11  0:29  Overlord  
  11  0:43  Overlord  
  11  0:52  Overlord  
  11  1:08  Zergling x6  
  14  1:21  Zergling x2  
  14  1:22  Queen  
  17  1:31  Zergling x2  
  18  1:43  Zergling x2  
  19  1:52  Zergling x2  
  20  2:04  Zergling x2  
  21  2:13  Zergling x2  
  22  2:31  Zergling x2  
  22  2:35  Zergling x6  
  13  3:48  Drone x6  
  18  3:54  Extractor  
  18  3:57  Extractor  
  17  4:30  Drone x5  
  22  4:41  Lair  
  22  4:58  Hatchery  
  21  5:00  Drone x3  
  21  5:03  Drone  
  25  5:21  Drone x2  
  25  5:25  Spine Crawler  
  26  5:29  Spine Crawler  
  25  5:47  Spire  
  24  6:00  Spine Crawler  
  24  6:02  Overlord x3  
  23  6:20  Queen  
  23  6:22  Overlord x2  
  25  7:00  Mutalisk x4  
  25  7:01  Mutalisk  
  33  7:08  Mutalisk  
  37  7:19  Drone x3  
  40  7:39  Extractor  
  39  7:44  Extractor  
  39  7:47  Spore Crawler, Drone x2  
  39  7:51  Drone x3  
  42  8:04  Mutalisk x3  
  48  8:19  Spore Crawler  
  47  8:21  Spore Crawler x2  
  45  8:27  Drone x2  
  45  8:28  Drone  
  45  8:32  Drone  
  49  8:37  Mutalisk  
  49  8:38  Mutalisk  
  53  9:28  Mutalisk x3  
  55  10:43  Overlord x4  
  55  10:47  Overlord x2  
  55  10:48  Overlord  
  53  11:31  Queen  
  53  11:32  Mutalisk  
  53  11:33  Mutalisk x2  
  59  11:40  Mutalisk x3  
  59  11:46  Hatchery  
Show
View Real Time Build Order
Export as new Build Order

LegionWasa Protoss 

Build Orders:  

Get SALT Encoding   

  13  0:57  Probe (Chrono Boost)  
  13  1:04  Pylon  
  13  1:07  Probe (Chrono Boost)  
  14  1:18  Probe (Chrono Boost)  
  15  1:19  Nexus  
  15  1:21  Pylon  
  15  1:27  Gateway  
  15  1:28  Probe (Chrono Boost)  
  16  1:39  Assimilator, Probe (Chrono Boost)  
  17  1:43  Assimilator  
  17  1:49  Probe (Chrono Boost)  
  18  2:00  Probe (Chrono Boost)  
  19  2:07  Pylon  
  19  2:10  Probe (Chrono Boost)  
  20  2:18  Cybernetics Core  
  20  2:21  Probe (Chrono Boost)  
  21  2:30  Assimilator  
  21  2:32  Probe (Chrono Boost)  
  21  2:33  Probe (Chrono Boost)  
  23  2:42  Probe (Chrono Boost)  
  23  2:44  Probe (Chrono Boost)  
  25  2:53  Probe (Chrono Boost)  
  25  2:54  Probe (Chrono Boost)  
  27  3:01  Stargate  
  27  3:03  Probe (Chrono Boost)  
  27  3:05  Probe (Chrono Boost)  
  29  3:14  Probe (Chrono Boost)  
  29  3:15  Probe (Chrono Boost)  
  31  3:24  Probe (Chrono Boost)  
  31  3:26  Probe (Chrono Boost)  
  33  3:35  Probe (Chrono Boost)  
  33  3:36  Probe (Chrono Boost)  
  33  3:37  Assimilator  
  35  3:42  Pylon  
  35  3:45  Probe (Chrono Boost), Pylon  
  35  3:47  Probe (Chrono Boost)  
  37  3:48  Stargate  
  37  3:56  Probe x2 (Chrono Boost)  
  37  4:01  Protoss Air Weapons Level 1 (Chrono Boost)  
  39  4:07  Probe  
  35  4:17  Forge  
  35  4:19  Probe  
  36  4:27  Void Ray  
  36  4:31  Probe  
  41  4:32  Void Ray  
  41  4:36  Stargate  
  45  4:40  Probe  
  45  4:43  Probe  
  47  4:50  Probe  
  48  4:54  Photon Cannon  
  48  4:56  Photon Cannon  
  46  5:01  Probe  
  32  5:12  Void Ray  
  32  5:18  Photon Cannon  
  32  5:31  Photon Cannon  
  32  5:36  Pylon  
  32  5:54  Photon Cannon  
  36  6:26  Photon Cannon  
  28  6:49  Phoenix x2  
  28  6:50  Phoenix  
Show
View Real Time Build Order
Export as new Build Order

RiseAndFall Protoss 

Build Orders:  

Get SALT Encoding   

  12  0:03  Probe (Chrono Boost)  
  13  0:13  Probe (Chrono Boost)  
  14  0:21  Pylon  
  14  0:24  Probe (Chrono Boost)  
  15  0:40  Probe (Chrono Boost)  
  16  0:42  Gateway  
  16  0:50  Probe (Chrono Boost)  
  16  0:53  Assimilator  
  17  1:01  Probe (Chrono Boost)  
  18  1:11  Forge  
  18  1:16  Probe (Chrono Boost)  
  19  1:27  Probe (Chrono Boost)  
  19  1:32  Cybernetics Core  
  20  1:36  Assimilator  
  20  1:37  Probe (Chrono Boost)  
  21  1:43  Pylon  
  21  1:53  Photon Cannon  
  21  2:04  Photon Cannon  
  21  2:06  Probe (Chrono Boost)  
  22  2:11  Warp Gate (Chrono Boost)  
  22  2:18  Probe  
  22  2:19  Gateway  
  23  2:36  Stalker  
  25  2:43  Gateway  
  25  3:05  Nexus  
  25  3:17  Stalker  
  27  3:23  Zealot  
  29  3:30  Pylon  
  29  3:33  Mothership Core  
  31  3:44  Protoss Ground Weapons Level 1 (Chrono Boost)  
  31  4:25  Stalker x2  
  31  4:26  Stalker  
  37  4:33  Pylon  
  37  4:36  Robotics Facility  
  37  4:39  Pylon  
  37  5:00  Stalker x3  
  29  5:38  Stalker  
  29  5:39  Stalker  
  29  5:42  Immortal  
  33  5:56  Stalker  
  35  6:03  Protoss Ground Armor Level 1 (Chrono Boost)  
  35  6:05  Stalker  
  35  6:06  Stalker  
  39  6:12  Gateway  
  39  6:20  Probe  
  39  6:21  Probe, Pylon  
  41  6:32  Probe  
  41  6:33  Probe  
  43  6:43  Zealot x2  
  43  6:45  Probe  
  48  6:52  Stalker  
  48  6:53  Probe  
  50  6:59  Observer  
  52  7:13  Probe  
  52  7:14  Probe  
  54  7:23  Probe  
  54  7:26  Probe  
  56  7:36  Stalker x2  
  60  7:37  Stalker  
  62  8:06  Stalker  
  62  8:07  Stalker x2  
  68  8:14  Protoss Shields Level 1 (Chrono Boost)  
  66  8:42  Pylon  
  66  8:49  Zealot x2  
  66  8:50  Zealot  
  71  8:59  Twilight Council  
  70  9:15  Gateway  
  70  9:16  Gateway  
  70  9:28  Stalker  
  70  9:29  Stalker x2  
  76  9:32  Zealot  
  76  9:35  Protoss Ground Weapons Level 2 (Chrono Boost)  
  76  9:36  Assimilator  
  78  9:40  Assimilator  
  78  9:42  Immortal (Chrono Boost)  
  82  9:48  Blink (Chrono Boost)  
  82  10:20  Immortal  
  78  11:00  Observer  
  78  11:03  Zealot x2  
  74  11:04  Zealot  
  62  11:21  Zealot  
  64  11:31  Immortal (Chrono Boost)  
  68  11:38  Zealot x2  
  68  11:39  Zealot  
  66  11:59  Stalker x2  
  44  12:06  Immortal (Chrono Boost)  
  44  12:07  Zealot  
  44  12:08  Zealot  
  28  12:27  Zealot  
  28  12:28  Zealot x2  
  28  12:29  Zealot  
  24  12:51  Stalker x2  
  24  12:52  Stalker  
  24  12:55  Stalker  
Show
View Real Time Build Order
Export as new Build Order

goroshia Zerg 

Build Orders: Hatch First 

Get SALT Encoding   

  12  0:02  Drone  
  13  0:11  Drone  
  14  0:18  Overlord  
  14  0:37  Drone  
  14  0:38  Drone  
  16  0:58  Hatchery, Extractor, Drone  
  15  1:13  Spawning Pool  
  14  1:31  Drone x3  
  17  1:46  Overlord  
  17  2:05  Queen  
  17  2:06  Zergling x2  
  17  2:07  Zergling x2  
  21  2:15  Overlord  
  21  2:19  Zergling x2  
  22  2:31  Zergling x2  
  22  2:34  Zergling x4  
  25  2:37  Metabolic Boost  
  25  2:51  Evolution Chamber  
  25  2:57  Zergling x2  
  25  2:58  Zergling x2  
  26  3:01  Zergling x4  
  28  3:07  Pneumatized Carapace  
  28  3:26  Zergling x10  
  28  3:27  Zergling x2  
  34  3:32  Zergling x2  
  35  3:35  Zergling x2  
  35  3:37  Zergling x2  
  28  4:59  Zergling x6  
  30  5:02  Zergling x6  
  12  7:21  Hatchery  
  11  8:38  Drone  
  6  8:57  Hatchery  
Show
View Real Time Build Order
Export as new Build Order

MoiSeS Terran - Winner!

Build Orders:  

Get SALT Encoding   

  12  0:45  Supply Depot  
  12  0:52  SCV  
  13  1:04  SCV  
  14  1:17  SCV  
  15  1:29  SCV  
  16  1:35  Barracks  
  16  1:41  SCV  
  17  1:51  Supply Depot  
  17  2:00  SCV  
  18  2:11  Refinery  
  18  2:12  SCV  
  19  2:24  SCV  
  19  2:25  Marine  
  21  2:36  SCV  
  22  2:39  Barracks  
  22  2:46  Marine  
  22  2:48  SCV  
  23  3:24  Factory  
  23  3:27  Marine x2  
  25  3:45  Command Center, Marine x2  
  27  3:54  Engineering Bay  
  27  4:04  Marine x2  
  28  4:20  Planetary Fortress  
  28  4:24  Widow Mine  
  28  4:30  Marine  
  31  4:42  Supply Depot  
  31  4:45  Marine  
  30  4:56  Widow Mine  
  32  5:05  Missile Turret  
  32  5:12  Missile Turret  
  32  5:21  SCV  
  32  5:24  Widow Mine  
  35  5:33  SCV  
  30  6:03  SCV  
  31  6:09  Widow Mine  
  33  6:15  SCV  
  33  6:18  SCV  
  35  6:30  SCV x2  
  37  6:35  Refinery  
  37  6:38  Widow Mine  
  37  6:39  Refinery  
  39  6:41  Refinery  
  39  6:42  SCV x2  
  41  6:54  SCV x2  
  42  6:55  Marine x2  
  45  7:06  Widow Mine, SCV  
  48  7:18  SCV  
  48  7:22  Ghost Academy  
  49  7:26  Ghost Academy  
  49  7:31  Missile Turret, SCV  
  49  7:33  Missile Turret  
  50  7:43  SCV  
  49  7:52  Factory Tech Lab  
  49  7:55  SCV  
  49  7:56  Marine x2  
  52  7:59  Hi-Sec Auto Tracking  
  52  8:01  Nuke, Personal Cloaking  
  52  8:15  Barracks Tech Lab x2  
  52  8:22  Missile Turret  
  52  8:43  Ghost  
  52  8:46  Missile Turret  
  54  8:51  Supply Depot  
  54  8:56  Building Armor  
  54  8:59  Supply Depot  
  54  9:08  Ghost Academy  
  54  9:12  Ghost  
  54  9:14  Supply Depot  
  56  9:22  Orbital Command  
  56  9:26  Nuke  
  56  9:41  Siege Tank  
  55  10:33  Widow Mine  
  57  10:36  Terran Infantry Armor Level 1  
  57  10:46  Ghost x2  
  52  11:02  Widow Mine  
  54  11:22  Missile Turret  
  54  11:39  Nuke x2  
  54  11:56  Command Center  
  54  12:10  Nuke  
  54  12:33  Nuke  
Show
View Real Time Build Order
Export as new Build Order

Aliensight Zerg - Winner!

Build Orders: Hatch First, Zergling Baneling 

Get SALT Encoding   

  12  0:02  Drone  
  13  0:12  Overlord  
  13  0:21  Drone  
  14  0:31  Drone x2  
  16  0:39  Drone  
  17  0:56  Hatchery  
  16  0:58  Drone  
  17  1:12  Extractor  
  17  1:14  Spawning Pool  
  17  1:16  Drone  
  16  1:21  Drone  
  16  1:23  Drone  
  18  1:31  Drone  
  19  1:39  Overlord  
  19  1:50  Drone  
  20  2:00  Drone  
  21  2:08  Queen  
  21  2:09  Queen  
  21  2:12  Metabolic Boost  
  25  2:26  Drone x4  
  29  2:36  Baneling Nest  
  28  2:38  Zergling x4  
  28  2:42  Drone  
  31  2:49  Zergling x2  
  32  2:55  Zergling x4  
  34  3:05  Zergling x4  
  36  3:22  Overlord  
  36  3:23  Overlord x2  
  35  3:48  Baneling x2  
  35  3:49  Baneling x2  
  35  3:51  Zergling x2  
  35  3:52  Zergling x10  
  41  4:03  Zergling x12  
  42  4:20  Zergling x4  
  43  4:30  Baneling x4  
  43  4:32  Drone x3  
  43  4:33  Drone  
  47  4:38  Extractor  
  47  4:42  Evolution Chamber  
  47  4:44  Evolution Chamber  
  47  4:45  Baneling x4  
  44  4:48  Zergling x12  
  44  4:49  Zergling x2  
  48  5:12  Zergling x4  
  48  5:13  Zergling x10  
  55  5:16  Zergling x4  
  55  5:17  Zergling x4  
  59  5:31  Zergling x2  
  57  5:42  Zergling x6  
  58  5:52  Zergling x2  
  58  5:53  Overlord x2  
  58  5:54  Overlord  
  59  5:59  Zerg Ground Armor Level 1, Zerg Melee Weapons Level 1  
  59  6:03  Extractor  
  59  6:04  Zergling x2  
  51  6:36  Zergling x4  
  51  6:37  Zergling x12  
  51  6:38  Zergling x2  
  60  6:43  Zergling x4  
  60  6:44  Zergling x2  
  55  7:03  Zergling x18  
  62  7:16  Zergling x2  
  62  7:17  Zergling x2  
  62  7:22  Overlord  
  64  7:28  Drone  
  65  7:30  Extractor  
  65  7:33  Lair  
  64  7:39  Zergling x8  
  68  7:50  Overlord  
  68  7:51  Drone  
  69  8:03  Drone  
  69  8:04  Drone x7  
  77  8:15  Drone  
  78  8:36  Baneling x5  
  78  8:48  Hatchery  
  77  8:53  Drone, Overlord  
  77  8:54  Drone x5  
  82  9:04  Zerg Melee Weapons Level 2  
  82  9:05  Zerg Ground Armor Level 2  
  82  9:25  Spire  
  80  10:01  Overlord  
  80  10:02  Drone x4  
  80  10:03  Drone  
  80  10:06  Drone x10  
  95  10:13  Centrifical Hooks  
  95  10:24  Infestation Pit  
  94  10:33  Zergling x2  
  94  10:34  Zergling x20  
  105  10:45  Zerg Flyer Weapons Level 1  
  105  10:46  Corruptor x4  
  112  11:03  Mutalisk, Corruptor x2  
  112  11:04  Mutalisk x3  
  102  11:05  Mutalisk  
  100  11:19  Spore Crawler  
  100  11:23  Spore Crawler  
  98  11:25  Spore Crawler  
  98  11:27  Spore Crawler, Drone x6  
  98  11:28  Spore Crawler, Drone  
  98  11:29  Extractor  
  98  11:32  Extractor  
  100  11:36  Hive  
  100  11:48  Corruptor x2  
  90  12:16  Mutalisk x5  
  90  12:17  Mutalisk x3  
  77  13:03  Zergling x4  
  77  13:04  Zergling x26  
Show
View Real Time Build Order
Export as new Build Order

Jhyrachy Zerg - Winner!

Build Orders: Hatch First 

Get SALT Encoding   

  12  0:03  Drone  
  13  0:16  Drone  
  13  0:18  Overlord  
  14  0:36  Drone  
  14  0:37  Drone x2  
  17  0:49  Drone  
  18  1:03  Drone  
  19  1:04  Hatchery  
  19  1:07  Extractor  
  17  1:12  Drone  
  18  1:26  Drone  
  19  1:34  Overlord  
  19  1:35  Spawning Pool  
  18  1:45  Drone  
  19  2:08  Drone  
  19  2:09  Extractor  
  19  2:12  Drone  
  20  2:18  Drone  
  21  2:26  Drone  
  21  2:27  Drone, Queen  
  25  2:30  Queen  
  27  2:37  Drone  
  28  2:45  Drone x2  
  30  3:01  Drone x3  
  30  3:03  Drone  
  34  3:22  Drone x2  
  34  3:24  Overlord  
  36  3:36  Lair  
  36  3:42  Queen  
  38  3:52  Drone  
  38  3:53  Drone x5  
  44  4:04  Extractor  
  44  4:05  Extractor, Drone x2  
  44  4:09  Overlord x2  
  44  4:18  Overlord  
  44  4:19  Overlord  
  44  4:34  Drone x4  
  44  4:35  Drone  
  49  4:47  Spire  
  24  5:38  Queen  
  26  5:59  Mutalisk  
  26  6:00  Mutalisk x10  
  48  6:30  Drone x3  
  48  6:31  Drone x9  
  60  6:57  Lair  
  60  7:08  Drone  
  60  7:11  Hatchery  
  56  8:00  Drone x8  
  64  8:07  Extractor  
  64  8:11  Hatchery, Extractor  
  61  8:36  Mutalisk  
  61  8:37  Mutalisk x6  
  75  9:38  Mutalisk x3  
  75  9:40  Overlord x4  
  75  9:42  Drone  
  82  10:21  Spawning Pool  
  82  10:28  Drone x8  
  84  10:29  Drone x6  
  84  10:30  Drone x3  
  84  10:31  Drone x2  
  100  10:42  Overlord x3  
  100  10:48  Extractor  
  99  10:50  Extractor  
  96  11:34  Mutalisk x11  
  96  11:35  Mutalisk x4  
  96  11:37  Overlord  
  126  12:09  Mutalisk x6  
Show
View Real Time Build Order
Export as new Build Order

knighty Protoss - Winner!

Build Orders: Nexus First 

Get SALT Encoding   

  12  0:02  Probe (Chrono Boost)  
  13  0:12  Probe (Chrono Boost)  
  14  0:23  Probe (Chrono Boost), Pylon  
  15  0:41  Probe (Chrono Boost)  
  16  0:51  Probe (Chrono Boost)  
  17  1:03  Nexus  
  17  1:04  Probe (Chrono Boost)  
  18  1:13  Gateway  
  18  1:17  Assimilator  
  18  1:20  Probe (Chrono Boost)  
  19  1:35  Probe (Chrono Boost)  
  19  1:38  Assimilator  
  20  1:44  Pylon  
  20  1:45  Probe (Chrono Boost)  
  21  1:56  Probe (Chrono Boost)  
  22  2:04  Cybernetics Core  
  22  2:09  Probe (Chrono Boost)  
  22  2:11  Zealot  
  25  2:16  Gateway  
  25  2:20  Pylon  
  25  2:22  Probe (Chrono Boost)  
  26  2:25  Probe (Chrono Boost)  
  27  2:41  Zealot (Chrono Boost)  
  29  2:50  Mothership Core (Chrono Boost)  
  29  3:09  Warp Gate  
  28  3:14  Pylon  
  28  3:16  Pylon  
  21  3:24  Pylon  
  20  3:37  Adept (Chrono Boost)  
  20  3:41  Adept (Chrono Boost)  
  24  3:55  Probe, Gateway  
  24  3:57  Gateway  
  24  3:59  Probe  
  26  4:05  Probe  
  27  4:23  Stalker (Chrono Boost)  
  31  4:27  Probe, Stalker (Chrono Boost)  
  32  4:34  Pylon  
  32  4:37  Probe  
  32  4:38  Probe  
  34  4:48  Probe  
  34  4:50  Probe  
  36  4:57  Adept (Chrono Boost)  
  40  5:01  Adept (Chrono Boost)  
  40  5:11  Probe, Twilight Council  
  40  5:13  Probe  
  42  5:25  Probe  
  43  5:41  Adept x2  
  47  5:54  Probe  
  47  5:56  Probe, Resonating Glaives (Chrono Boost)  
  49  6:05  Forge  
  49  6:06  Probe x2  
  49  6:08  Adept x2  
  53  6:18  Probe  
  54  6:26  Stalker x2  
  54  6:30  Stalker x2  
  54  6:31  Probe  
  63  6:43  Probe  
  64  6:54  Zealot  
  64  6:55  Zealot x2  
  64  6:57  Protoss Ground Weapons Level 1 (Chrono Boost)  
  66  7:09  Zealot  
  66  7:13  Charge  
  66  7:15  Pylon  
  66  7:17  Assimilator  
  66  7:20  Probe  
  66  7:21  Assimilator  
  66  7:22  Probe  
  66  7:32  Probe  
  66  7:34  Probe  
  66  7:44  Probe  
  66  7:46  Probe  
  66  7:47  Zealot x4  
  76  7:54  Gateway  
  76  7:56  Probe, Gateway  
  76  7:57  Gateway  
  76  7:58  Probe  
  78  8:33  Nexus  
  78  8:35  Pylon  
  78  8:36  Pylon  
  78  8:40  Pylon  
  78  8:45  Protoss Ground Weapons Level 2 (Chrono Boost)  
  78  8:53  Probe x2  
  78  8:54  Zealot  
  78  8:55  Zealot x3  
  88  9:00  Zealot x2  
  88  9:01  Zealot  
  94  9:06  Gateway  
  94  9:07  Gateway  
  94  9:15  Gateway  
  94  9:21  Probe  
  95  9:26  Zealot x2  
  95  9:27  Zealot  
  101  9:33  Probe  
  102  9:43  Pylon  
  102  9:44  Pylon  
  102  9:52  Templar Archives  
  102  9:54  Pylon  
  102  10:00  Zealot  
  102  10:01  Zealot x2  
  108  10:11  Probe  
  109  10:16  Assimilator  
  109  10:18  Assimilator  
  109  10:21  Probe  
  109  10:26  Gateway  
  110  10:29  Gateway  
  110  10:30  Gateway  
  110  10:36  Pylon  
  110  10:37  Pylon  
  110  10:38  Zealot  
  110  10:40  Pylon  
  112  10:43  Protoss Ground Armor Level 1 (Chrono Boost)  
  112  10:48  Probe  
  113  10:58  Probe  
  113  11:00  Zealot  
  113  11:01  Zealot x3  
  113  11:02  Zealot  
  124  11:13  Zealot x3  
  124  11:14  Blink  
  130  11:31  Zealot x3  
  130  11:32  Zealot  
  138  11:38  Photon Cannon  
  138  11:47  Zealot x3  
  122  12:15  Photon Cannon  
  114  12:23  Pylon  
  114  12:24  Pylon  
  114  12:26  Pylon  
  114  12:27  Pylon  
  114  12:29  Pylon  
  114  12:30  Pylon  
  114  12:34  Gateway  
  112  12:59  Zealot x5  
  112  13:00  Zealot x4  
  112  13:01  Zealot x3  
Tags
 
Add a new tag
Caveats
  • Supply blocks, unpowered buildings, or Contaminate may cause inaccurate times.
  • Supply counts are checked every 10 seconds.